 Dungeon Crawl Stone Soup version 0.31.0-11-ge490571c62 (webtiles) character file.

Game seed: 10116384785071582490

16650 croobank the Covert (level 12, -20/65 HPs)
             Began as a Felid Summoner on Feb 2, 2024.
             Hit by a large rock thrown by a cyclops (34 damage)
             ... on level 12 of the Dungeon.
             The game lasted 00:52:35 (15669 turns).

croobank the Covert (Felid Summoner)               Turns: 15669, Time: 00:52:36

Health: -20/65     AC:  3    Str:  4    XL:     12   Next: 11%
Magic:  12/25      EV: 24    Int: 23    God:
Gold:   341        SH:  0    Dex: 18    Spells: 13/27 levels left
                                        Lives:  0   Deaths: 4

rFire   . . .        (weapon unavailable)
rCold   + . .        (shield unavailable)
rNeg    . . .        (body armour unavailable)
rPois   .            (helmet unavailable)
rElec   .            (cloak unavailable)
rCorr   .            (gloves unavailable)
SInv    +            (boots unavailable)
Will    ++...        F - amulet of regeneration
Stlth   +++++        o - ring of willpower
HPRegen 1.10/turn    d - ring of wizardry
MPRegen 0.19/turn

%: wizardry (x1)
@: no status effects
A: very small, claws 1, fangs 3, see invisible, shaggy fur 3, stealthy paws, no
weapons or thrown items, no armour, multi-lived
a: no special abilities


You were on level 12 of the Dungeon.
You visited 1 branch of the dungeon, and saw 12 of its levels.

You collected 918 gold pieces.
You spent 577 gold pieces at shops.

Inventory:

Jewellery
 d - a ring of wizardry (right paw)
 f - an amulet of guardian spirit
 j - a +4 ring of slaying
 o - a ring of willpower (left paw)
 p - a ring of ice
 x - a ring of positive energy
 F - an amulet of regeneration (around neck)
 H - an amulet of faith
 J - an amulet of reflection
 L - a ring of wizardry
Wands
 h - a wand of iceblast (13)
 u - a wand of mindburst (31)
 v - a wand of charming (11)
 w - a wand of acid (11)
 E - a wand of polymorph (10)
 I - a wand of digging (6)
Scrolls
 b - 2 scrolls of poison
 e - 3 scrolls of teleportation
 i - a scroll of silence
 n - a scroll of fog
 B - 3 scrolls of amnesia
 D - a scroll of vulnerability
 K - a scroll of identify
Potions
 a - a potion of magic
 c - a potion of ambrosia
 g - 2 potions of curing
 k - 2 potions of might
 l - 3 potions of degeneration
 m - 2 potions of lignification
 q - 2 potions of attraction
 r - 3 potions of enlightenment {unknown}
 s - 2 potions of brilliance {unknown}
 t - 3 potions of heal wounds {unknown}
 z - 4 potions of mutation {unknown}
 A - a potion of cancellation {unknown}
 C - a potion of invisibility {unknown}
 G - a potion of haste
Miscellaneous
 y - a phantom mirror


   Skills:
 + Level 8.3 Fighting
 - Level 10.0 Dodging
 - Level 10.0 Stealth
 + Level 8.1 Spellcasting
 + Level 9.5 Summonings
 - Level 5.0 Fire Magic
 - Level 7.0 Air Magic


You had 13 spell levels left.
You knew the following spells:

 Your Spells              Type           Power      Damage    Failure   Level
a - Summon Small Mammal   Summ           100%       N/A       1%          1
b - Call Imp              Summ           100%       N/A       1%          2
c - Call Canine Familiar  Summ           52%        N/A       1%          3
d - Summon Blazeheart Go  Fire/Summ      42%        N/A       1%          4
e - Summon Lightning Spi  Summ/Air       47%        N/A       1%          4

Your spell library contained the following spells:

 Spells                   Type           Power      Damage    Failure   Level
 Summon Ice Beast         Ice/Summ       31%        N/A       1%          3
 Apportation              Tloc           18%        N/A       2%          1
 Volatile Blastmotes      Fire/Tloc      40%        2d13      3%          3
 Jinxbite                 Hex            18%        N/A       4%          2
 Searing Ray              Conj           18%        2d5       4%          2
 Dazzling Flash           Conj/Hex       18%        N/A       9%          3
 Sigil of Binding         Hex            9%         N/A       9%          3
 Flame Wave               Conj/Fire      20%        2d7       10%         4
 Sticky Flame             Fire/Alch      20%        2d6       10%         4
 Summon Mana Viper        Hex/Summ       31%        N/A       11%         5
 Monstrous Menagerie      Summ           26%        N/A       41%         7
 Alistair's Intoxication  Alch           6%         N/A       56%         5
 Starburst                Conj/Fire      10%        6d5       80%         6
 Maxwell's Capacitive Co  Air            20%        ∞         100%        8
 Dimensional Bullseye     Hex/Tloc       Unusable   N/A       N/A         4

Dungeon Overview and Level Annotations

Branches:
Dungeon (12/15)            Temple (0/1) D:5            Lair (0/5) D:10
    Orc (0/2) D:12

Altars:
Gozag
Makhleb
Qazlal
Ru
Sif Muna
Trog
Vehumet
Wu Jian
Yredelemnul
Zin
The Shining One

Shops:
D:8 **

Annotations:
D:6 exclusion: electric eel, Pikel


Innate Abilities, Weirdness & Mutations

You have sharp claws.
You have razor-sharp teeth.
You have supernaturally acute eyesight. (SInv)
Your thick and shaggy fur keeps you warm. (AC +3, rC+)
Your paws help you pounce on unaware monsters.
You are incapable of wielding weapons or throwing items.
You cannot wear armour.
You gain extra lives every three experience levels.


Message History

The wolf spider hits your cerulean imp.
The wolf spider bites your cerulean imp.
Your cerulean imp hits the wolf spider with a +1 spear.
The wolf spider misses your cerulean imp.
The wolf spider barely misses your cerulean imp.
The wolf spider barely misses your cerulean imp.
The wolf spider misses your cerulean imp.
Your cerulean imp hits the wolf spider with a +1 spear.
The wolf spider hits your cerulean imp!
The wolf spider bites your cerulean imp.
Your cerulean imp dies!
Your cerulean imp disappears in a puff of smoke!
You swap places.
Your blazeheart golem barely misses the wolf spider.
The wolf spider hits your blazeheart golem!!
The wolf spider bites your blazeheart golem but does no damage.
The wolf spider barely misses your blazeheart golem. x2
The wolf spider hits your blazeheart golem.
The wolf spider bites your blazeheart golem.
Your blazeheart golem punches the wolf spider!
The wolf spider dies!
The cyclops throws a large rock.
The large rock hits your blazeheart golem!
The cyclops throws a large rock.
The large rock hits your blazeheart golem!!
Your blazeheart golem falls apart, revealing its core!
Your blazeheart core explodes!
Casting: Summon Blazeheart Golem (dangerous; 1% risk of failure)
Confirm with . or Enter, or press ? or * to list all spells.
A fiery spirit appears, bound in slag iron.
The cyclops throws a large rock.
The large rock hits you!!!
Ouch! That really hurt!
* * * LOW HITPOINT WARNING * * *
Your blazeheart golem punches the cyclops!!
Your familiar recovers from its injuries.
The cyclops throws a large rock.
The large rock completely misses your blazeheart golem.
The large rock hits you!!
Ouch! That really hurt!
You die...

##o....#####. #..
####s###........
#.. #####
..###*#..#
#######.. ... #.#
##)#.# #..........
###[#####.######.#
#.#######.#
..#.#)..#.#...##o#
#.#######.#
...#).)..#.....#C#
#.#........
...#.)÷..#.....#9#
#.#.#####.#
)..#..)..#.....#@#
#....## #.#
..###...###...##.#
#.#.#.###.# ###
##'## ####...#
#.....<.#.#
..###...###...##.#
#.#.#.#.#.#
...#.....#.....#.#
##...##.#.#
...#..?..#.....#.#
##.###.#.#
...#.†...#.....#.#
#.# #.#.#
..###...###...##.#
#.# #.... ###
##### ####....
#.###.#.#


You could see a cyclops, an orc warrior (ally target) and a friendly blazeheart
golem (summoned).

Vanquished Creatures
  Harold (D:9)
  3 two-headed ogres
  An ugly thing (D:6)
  2 manticores (D:12)
  A meliai (D:12)
  A black mamba (shapeshifter) (D:12)
  A gargoyle (D:10)
  An orange demon (D:11)
  A kobold demonologist (D:12)
  2 komodo dragons (D:10)
  2 trolls
  A hornet (D:10)
  Prince Ribbit (D:6)
  A wraith (D:12)
  2 wyverns
  10 yaks
  A vampire mosquito (D:10)
  Edmund (D:5)
  A black bear (D:9)
  5 orc warriors
  3 ogres
  3 centaurs
  A kobold brigand (D:10)
  A gnoll sergeant (D:10)
  A scorpion (D:9)
  A howler monkey (D:8)
  A gnoll bouda (D:8)
  3 orc priests
  4 hounds
  5 orc wizards
  4 gnolls
  An ufetubus (D:5)
  3 orcs
  3 endoplasms (D:4)
  3 goblins (D:4)
  4 hobgoblins (D:4)
  2 kobolds
  6 ball pythons
  2 bats
  A rat (D:1)
91 creatures vanquished.

Vanquished Creatures (collateral kills)
  Amaemon (D:11)
  An arcanist (D:11)
  The ghost of scisormetimb3rs the Covert, a novice SpBr (D:9)
  A wolf spider (D:12)
  A manticore (D:12)
  Maggie (D:9)
  6 yaks
  A shadow (D:8)
  2 vampire mosquitoes
  An acid dragon (D:9)
  A water moccasin (D:7)
  2 ice beasts (D:6)
  An orc warrior (D:12)
  2 black bears
  7 bullfrogs
  5 gnoll sergeants
  A scorpion (D:6)
  6 killer bees
  5 hounds
  3 jellies
  2 orc priests
  A sleepcap (D:6)
  A gnoll bouda (D:8)
  2 iguanas
  Natasha (twice) (D:2)
  3 orc wizards
  Robin (D:4)
  29 gnolls
  11 adders
  A shadow imp (D:6)
  A white imp (D:6)
  3 ufetubi
  A dart slug (D:4)
  22 orcs
  A bat (D:1)
  An endoplasm (D:3)
  A giant cockroach (D:2)
  21 goblins
  5 hobgoblins
  14 jackals
  12 kobolds
  3 quokkas
  5 ball pythons (D:3)
  3 frilled lizards
  18 rats
213 creatures vanquished.

Vanquished Creatures (others)
  An orc (D:8)
  67 blazeheart cores
68 creatures vanquished.

Grand Total: 372 creatures vanquished

Notes
Turn   | Place    | Note
-------+----------+-------------------------------------------
     0 | D:1      | croobank the Felid Summoner began the quest for the Orb.
     0 | D:1      | Reached XP level 1. HP: 9/9 MP: 4/4
   244 | D:1      | Reached XP level 2. HP: 13/13 MP: 4/6
   248 | D:1      | Learned a level 2 spell: Call Imp
   701 | D:1      | Reached XP level 3. HP: 16/16 MP: 3/7
   705 | D:1      | Learned a level 3 spell: Call Canine Familiar
  1709 | D:2      | Noticed Natasha
  1730 | D:2      | Killed Natasha
  1731 | D:2      | Reached XP level 4. HP: 21/21 MP: 0/9
  1731 | D:2      | Gained a life (2 lives remaining)
  1924 | D:2      | Noticed Natasha
  1938 | D:2      | Killed Natasha
  2261 | D:3      | Got the Verses on Causimancy and Trauma
  2400 | D:3      | Reached XP level 5. HP: 24/24 MP: 10/10
  2812 | D:4      | Learned a level 4 spell: Summon Blazeheart Golem
  2870 | D:4      | Found a bloodstained altar of Trog.
  3198 | D:4      | Reached skill level 1 in Fighting
  3871 | D:4      | Noticed Robin
  3884 | D:4      | Killed Robin
  3885 | D:4      | Gained mutation: You are covered in thick fur. (AC +2)
                  | [Felid growth]
  3885 | D:4      | Reached XP level 6. HP: 27/30 MP: 5/11
  4414 | D:5      | Entered Level 5 of the Dungeon
  4414 | D:5      | Noticed Edmund
  4422 | D:5      | Killed Edmund
  4423 | D:5      | Reached skill level 5 in Stealth
  4423 | D:5      | Reached skill level 5 in Summonings
  4423 | D:5      | Reached skill level 1 in Fire Magic
  4590 | D:5      | Reached skill level 5 in Dodging
  4590 | D:5      | Reached XP level 7. HP: 31/35 MP: 5/13
  4996 | D:5      | Found a staircase to the Ecumenical Temple.
  5597 | D:6      | Noticed a green ugly thing
  5607 | D:6      | Killed a green ugly thing
  5608 | D:6      | Reached XP level 8. HP: 40/40 MP: 10/15
  5694 | D:6      | Killed by an exploding blazeheart core
  5694 | D:6      | Lost a life (1 life remaining)
  5817 | D:6      | Noticed Prince Ribbit
  5825 | D:6      | Killed Prince Ribbit
  5862 | D:6      | Found an opulent altar of Gozag.
  6415 | D:6      | Found a glowing silver altar of Zin.
  6415 | D:6      | Noticed Pikel
  7237 | D:7      | Reached skill level 5 in Spellcasting
  7246 | D:7      | Reached XP level 9. HP: 45/45 MP: 10/17
  7246 | D:7      | Gained a life (2 lives remaining)
  7683 | D:7      | Identified the +4 dagger of the Crawling Thing {venom,
                  | rPois rCorr Str+5 Dex-5}
  7956 | D:7      | Learned a level 4 spell: Summon Lightning Spire
  8226 | D:7      | Reached skill level 1 in Air Magic
  8493 | D:7      | Found a glowing golden altar of the Shining One.
  8499 | D:7      | Found a burning altar of Makhleb.
  8502 | D:7      | Found a shimmering blue altar of Sif Muna.
  8688 | D:8      | You fall into a shaft and drop 2 floors!
  8688 | D:10     | Entered Level 10 of the Dungeon
  8747 | D:11     | Noticed an arcanist
  8795 | D:11     | Killed an arcanist
  9051 | D:10     | Noticed a komodo dragon
  9056 | D:9      | Noticed Maggie
  9059 | D:9      | Reached skill level 5 in Fighting
  9072 | D:9      | Killed Maggie
  9237 | D:9      | Noticed a troll
  9247 | D:9      | Killed a troll
  9482 | D:9      | Found a runed translucent door.
  9482 | D:9      | Noticed scisormetimb3rs's ghost (novice SpBr)
  9503 | D:9      | Killed scisormetimb3rs's ghost
  9504 | D:9      | Reached XP level 10. HP: 51/51 MP: 16/19
  9537 | D:9      | HP: 1/51 [gnoll/+0 club (4)]
  9538 | D:9      | Slain by a killer bee
  9538 | D:9      | Lost a life (1 life remaining)
  9931 | D:9      | Noticed Harold
  9982 | D:8      | Slain by a gnoll sergeant
  9982 | D:8      | Lost a life (0 lives remaining)
 10809 | D:8      | Reached skill level 5 in Fire Magic
 11054 | D:8      | Found Jaddeona's Neck Hole.
 11060 | D:8      | Bought an amulet of regeneration for 360 gold pieces
 11803 | D:8      | Found Aloufuuchoe's General Store.
 11807 | D:8      | Bought a scroll of silence for 133 gold pieces
 11807 | D:8      | Bought a potion of curing for 42 gold pieces
 11807 | D:8      | Bought a potion of curing for 42 gold pieces
 11989 | D:9      | Killed Harold
 11990 | D:9      | Reached skill level 5 in Air Magic
 12255 | D:9      | Found a basalt altar of Yredelemnul.
 12652 | D:10     | Reached skill level 10 in Stealth
 12656 | D:10     | Reached XP level 11. HP: 14/56 MP: 11/21
 12656 | D:10     | Gained a life (1 life remaining)
 12928 | D:10     | Noticed a two-headed ogre
 13004 | D:10     | Killed a two-headed ogre
 13270 | D:10     | Found an ornate altar of the Wu Jian Council.
 13319 | D:10     | Found a radiant altar of Vehumet.
 13320 | D:10     | Found a sacrificial altar of Ru.
 13324 | D:10     | Found a stormy altar of Qazlal.
 13839 | D:10     | Reached skill level 10 in Dodging
 13874 | D:10     | Found a staircase to the Lair.
 14004 | D:11     | Noticed Amaemon
 14014 | D:11     | Killed Amaemon
 15020 | D:12     | Found a staircase to the Orcish Mines.
 15144 | D:12     | Noticed a two-headed ogre
 15145 | D:12     | Noticed a two-headed ogre
 15147 | D:12     | Killed a two-headed ogre
 15161 | D:12     | Noticed a wolf spider
 15175 | D:12     | Slain by a wolf spider
 15175 | D:12     | Lost a life (0 lives remaining)
 15476 | D:12     | Gained mutation: Your thick and shaggy fur keeps you warm.
                  | (AC +3, rC+) [Felid growth]
 15476 | D:12     | Reached XP level 12. HP: 62/64 MP: 17/24
 15502 | D:12     | Killed a two-headed ogre
 15669 | D:12     | Hit by a large rock thrown by a cyclops

Illustrated notes

Levels and vault maps discovered:
D:1:      dpeg_arrival_rooms_with_view, layout_basic
D:2:      layout_basic, chequers_serial_rivers_small_3,
          amcnicky_mini_rare_corridor_liquid, uniq_natasha
D:3:      layout_basic, minmay_snake_closets
D:4:      kennysheep_goblin_castle, layout_basic,
          mainiacjoe_overflow_surrounded_room
D:5:      layout_loops_ring, minmay_temple_entry_offerings, uniq_edmund
D:6:      layout_loops_ring, lemuel_tele_altar, nicolae_overflow_hidden_temple,
          serial_bayou, serial_bayou_pond_c, serial_bayou_lagoon_a,
          serial_bayou_crossing, serial_bayou_pond_d, minmay_circle_x,
          uniq_pikel, uniq_crazy_yiuf_cottage, uniq_prince_ribbit1
D:7:      layout_basic, minmay_overflow_temple_star_quad
D:8:      layout_cave_pools, serial_gnoll_camp, gnoll_camp_mini_loothouse,
          gnoll_camp_mini_basic, gnoll_camp_mini_basic, gnoll_camp_mini_shop,
          gnoll_camp_medium_02, nicolae_shop_sticking_my_neck_out
D:9:      layout_long_grid, yredelemnul_altar_generic, gammafunk_ghost_grave,
          uniq_maggie, uniq_harold
D:10:     layout_basic, mainiacjoe_overflow_alcove_1, minitemple,
          grunt_lair_entry_orc_guard_hut
D:11:     layout_stronghold, uniq_amaemon
D:12:     kennysheep_room_grid, layout_loops_ring, minmay_orc_entry_temple_small

Skill      XL: |  1  2  3  4  5  6  7  8  9 10 11 12 |
---------------+-------------------------------------+-----
Stealth        | 3 4 5 6 7 9 10 | 10.0
Dodging        | 3 4 5 7 8 9 10 | 10.0
Spellcasting   | 3 4 5 6 7 8 |  8.1
Fighting       | 1 2 3 4 5 6 8 |  8.3
Summonings     | 5 6 7 9 |  9.5
Fire Magic     | 1 2 3 4 5 |  5.0
Air Magic      | 3 5 7 |  7.0

Action                     |  1- 3 |  4- 6 |  7- 9 | 10-12 || total
---------------------------+-------+-------+-------+-------++-------
  Melee: Unarmed           |    18 |    36 |    26 |    53 ||   133
         Bite              |       |     2 |     7 |     5 ||    14
         Punch             |       |       |     1 |     1 ||     2
   Cast: Summon Small Mamm |    36 |    18 |     5 |    12 ||    71
         Call Imp          |    15 |    12 |     6 |    10 ||    43
         Call Canine Famil |     5 |    18 |     7 |    17 ||    47
         Summon Blazeheart |       |     2 |    32 |    68 ||   102
         Summon Lightning  |       |       |     2 |    19 ||    21
    Use: Scroll            |       |       |    15 |     4 ||    19
         Potion            |       |       |     3 |     8 ||    11
   Stab: Sleeping          |     2 |    10 |     2 |     1 ||    15
         Distracted        |       |       |       |     1 ||     1
 Armour: Skin              |    15 |    19 |    32 |    94 ||   160
  Dodge: Dodged            |    22 |    47 |    67 |   263 ||   399
